Map: Galactic Process LE

Players

Amix - Winner!

  • Race: Zerg Zerg
  • League: Platinum
  • Spawn Location: 7:00

KemHuNTeR

  • Race: Zerg Zerg
  • League: Gold
  • Spawn Location: 1:00

VOD

Have the link to the VOD?

Description

Time

  • Played on: Nov. 6, 2016, 10:54 a.m.
  • Length: 8:51
Show
View Real Time Build Order
Export as new Build Order

Amix Zerg - Winner!

Build Orders: Pool First 

Get SALT Encoding   

  12  0:06  Drone  
  13  0:16  Drone  
  13  0:19  Extractor  
  13  0:20  Drone  
  14  0:27  Extractor  
  14  0:28  Drone  
  15  0:40  Spawning Pool  
  14  0:47  Overlord  
  14  0:55  Drone, Extractor  
  15  1:07  Drone x2  
  17  1:11  Drone  
  18  1:24  Overlord  
  18  1:29  Metabolic Boost  
  18  1:36  Queen  
  20  1:58  Hatchery  
  19  2:02  Zergling x2  
  19  2:03  Zergling x2  
  21  2:16  Queen  
  23  2:25  Zergling x6  
  26  2:36  Overlord  
  26  2:52  Zergling x6  
  28  3:01  Zergling x2  
  29  3:16  Zergling x4  
  31  3:26  Zergling x4  
  29  3:40  Spine Crawler  
  28  3:41  Drone x2  
  28  3:42  Drone x3  
  33  4:03  Zergling x12  
  39  4:10  Zergling x4  
  39  4:11  Zergling x2  
  39  4:40  Drone x6  
  43  4:52  Drone x3  
  43  4:59  Drone  
  44  5:02  Extractor  
  44  5:03  Lair  
  44  5:04  Extractor  
  42  5:24  Zergling x4  
  43  5:34  Zergling x8  
  44  5:40  Drone  
  44  5:41  Drone, Overlord x2  
  44  5:42  Overlord x2  
  42  5:48  Zergling x2  
  42  6:05  Zergling x14  
  49  6:22  Evolution Chamber  
  49  6:23  Evolution Chamber, Zergling x4  
  49  6:24  Zergling x6  
  52  6:33  Hatchery  
  51  6:54  Zergling x16  
  53  7:19  Zergling x6  
  53  7:20  Zergling x4  
  50  7:51  Zergling x12  
  54  8:04  Drone x6  
  60  8:08  Zergling x4  
  60  8:09  Zergling x4  
Show
View Real Time Build Order
Export as new Build Order

KemHuNTeR Zerg 

Build Orders: Pool First 

Get SALT Encoding   

  12  0:01  Drone  
  13  0:13  Overlord  
  13  0:24  Drone  
  14  0:35  Spawning Pool  
  13  0:42  Drone  
  14  0:43  Drone  
  14  0:47  Drone  
  16  0:51  Extractor  
  16  0:56  Drone  
  16  1:04  Drone  
  17  1:14  Drone  
  18  1:32  Hatchery  
  17  1:34  Queen  
  19  1:43  Zergling x4  
  21  1:47  Zergling x2  
  22  1:56  Metabolic Boost  
  22  2:01  Overlord  
  22  2:20  Drone  
  22  2:21  Drone  
  24  2:33  Evolution Chamber  
  20  3:00  Zergling x2  
  20  3:01  Zergling x12  
  20  3:02  Queen  
  26  3:33  Zergling x2  
  27  3:34  Overlord x2  
  27  3:52  Queen  
  27  3:53  Drone x3  
  32  3:57  Spine Crawler  
  32  4:01  Drone x2  
  33  4:03  Extractor  
  33  4:04  Zerg Missile Weapons Level 1  
  33  4:09  Lair  
  32  4:20  Drone x2  
  32  4:22  Drone  
  32  4:23  Drone  
  34  4:34  Zergling x2  
  34  4:35  Zergling x4  
  29  5:14  Drone x3  
  29  5:18  Zergling x2  
  29  5:19  Zergling x8  
  34  5:41  Queen  
  31  5:50  Zergling x2  
  31  5:51  Zergling x14  
  39  5:58  Queen  
  41  6:17  Hydralisk Den  
  40  6:25  Overlord x2  
  40  6:26  Overlord  
  40  6:43  Queen  
  41  6:56  Muscular Augments  
  26  7:32  Drone x5  
  26  7:33  Drone  
  26  7:35  Drone x6  
  34  7:54  Zergling x2  
  34  7:55  Zergling x2  
  33  8:01  Queen  
  35  8:07  Hydralisk x3  
Tags
 
Add a new tag
Caveats
  • Supply blocks, unpowered buildings, or Contaminate may cause inaccurate times.
  • Supply counts are checked every 10 seconds.